 Dungeon Crawl Stone Soup version 0.29-a0-1008-g949cc1d0fb (webtiles) character file.

Game seed: 922514619576413122

43 concernfroge the Trooper (level 3, 0/31 HPs)
             Began as a Mummy Monk on Aug 7, 2022.
             Slain by a goblin
             ... wielding a +0 club
             ... led by Robin
              (5 damage)
             ... on level 3 of the Dungeon.
             The game lasted 00:02:07 (1007 turns).

concernfroge the Trooper (Mummy Monk)               Turns: 1007, Time: 00:02:07

Health: 0/31       AC:  5    Str: 16    XL:     3   Next: 37%
Magic:  3/3        EV: 11    Int:  9    God:
Gold:   46         SH:  0    Dex: 14    Spells: 2/2 levels left

rFire   x . .      SeeInvis .   d - +0 trident (flame)
rCold   + . .      Faith    .   (no shield)
rNeg    + + +      Spirit   .   h - +0 ring mail
rPois   ∞          Reflect  .   (no helmet)
rElec   .          Harm     .   (no cloak)
rCorr   .          Rampage  .   (no gloves)
Will    .....                   (no boots)
Stlth   +.........              (no amulet)
HPRegen 0.10/turn               (no ring)
MPRegen 0.08/turn               (no ring)

@: no status effects
A: cold resistance 1, negative energy resistance 3, torment resistance 2, heat
vulnerability 1, in touch with death 1, no potions
a: no special abilities


You were on level 3 of the Dungeon.
You visited 1 branch of the dungeon, and saw 3 of its levels.

You collected 46 gold pieces.

Inventory:

Hand Weapons
 d - a +0 trident of flaming (weapon)
Missiles
 e - 4 datura-tipped darts (quivered)
Armour
 h - a +0 ring mail (worn)
Scrolls
 a - 2 scrolls of identify {unknown}
 c - a scroll of enchant weapon {unknown}
 f - a scroll of vulnerability {unknown}
 g - a scroll of enchant armour {unknown}


   Skills:
 + Level 4.5 Fighting
 - Level 2.4 Polearms
 - Level 2.4 Dodging
 - Level 1.5 Stealth


You had 2 spell levels left.
You didn't know any spells.
Your spell library was empty.

Dungeon Overview and Level Annotations

Branches:
Dungeon (3/15)

Altars:

Annotations:
D:2 Robin


Innate Abilities, Weirdness & Mutations

You are immune to poison.
Your flesh is cold resistant. (rC+)
You are immune to negative energy. (rN+++)
You are immune to unholy pain and torment.
You are vulnerable to heat. (rF-)
You are in touch with the powers of death.
You do not drink.


Message History

The goblin hits you with a +0 dagger.
You climb downwards.
There is a stone staircase leading up here.
The helpless frilled lizard fails to defend itself.
You hit the frilled lizard. You burn the frilled lizard.
You kill the frilled lizard!
The goblin barely misses you. The goblin closely misses you.
You barely miss the hobgoblin. The hobgoblin closely misses you.
The goblin hits you with a +0 dagger. The goblin barely misses you.
You puncture the hobgoblin! You burn the hobgoblin.
You kill the hobgoblin!
The goblin hits you but does no damage. The goblin barely misses you.
The goblin misses you.
You barely miss the goblin.
The goblin is heavily wounded.
The goblin barely misses you. The goblin hits you but does no damage.
The goblin misses you.
You closely miss the goblin.
The goblin is heavily wounded.
The goblin hits you but does no damage. The goblin barely misses you.
The goblin hits you but does no damage.
You hit the goblin. You burn the goblin.
You kill the goblin!
The goblin closely misses you. The goblin hits you but does no damage.
You barely miss the goblin. You punch the goblin.
The goblin is severely wounded.
The goblin closely misses you. x2; The goblin hits you but does no damage.
The goblin misses you.
You closely miss the goblin.
The goblin is severely wounded.
The goblin hits you with a +0 dagger. The goblin hits you with a +0 club.
You hit the goblin. You burn the goblin.
You kill the goblin!
The goblin closely misses you.
You closely miss the goblin. The goblin hits you with a +0 club.
* * * LOW HITPOINT WARNING * * *
You barely miss the goblin. The goblin hits you with a +0 club.
* * * LOW HITPOINT WARNING * * *
You closely miss the goblin. The goblin hits you with a +0 club.
You die...

### ...
#.##
#...
#..g##
#..)@#
#.##.).#
#...#
##.## .#
.# .. ..


You could see a goblin (strong).

Vanquished Creatures
  A ball python (D:1)
  7 endoplasms
  4 giant cockroaches (D:1)
  8 goblins
  3 hobgoblins
  2 jackals (D:1)
  3 kobolds
  A quokka (D:2)
  A bat (D:1)
  2 frilled lizards
  4 rats (D:1)
36 creatures vanquished.

Notes
Turn   | Place    | Note
-------+----------+-------------------------------------------
     0 | D:1      | concernfroge the Mummy Monk began the quest for the Orb.
     0 | D:1      | Reached XP level 1. HP: 18/18 MP: 1/1
   129 | D:1      | Reached XP level 2. HP: 22/24 MP: 2/2
   411 | D:1      | Reached skill level 4 in Fighting
   699 | D:1      | Gained mutation: You are in touch with the powers of death.
                  | [Mummy growth]
   699 | D:1      | Reached XP level 3. HP: 27/30 MP: 3/3
   987 | D:2      | Noticed Robin
  1007 | D:3      | Slain by a goblin

Illustrated notes

Levels and vault maps discovered:
D:1:      saegor_arrival_simple_b, layout_basic
D:2:      minmay_recursive_quarters, layout_basic, hex_medium, uniq_robin
D:3:      layout_loops_corners, serial_shops, nicolae_shop_stone, uniq_natasha,
          uniq_jessica, uniq_terence

Skill      XL: |  1  2 |
---------------+-------+-----
Fighting       | 4 |  4.5
Polearms       | |  2.4
Dodging        | |  2.4
Stealth        | |  1.5

Action                   || total
-------------------------++-------
Melee: Spear             ||    26
       Trident           ||    66
       Punch             ||     1
 Stab: Sleeping          ||     8
Armor: Robe              ||    10
       Ring mail         ||    15
Dodge: Dodged            ||    58

Table legend: (Time is in decaauts)
 A = Elapsed time spent in this place.
 B = Non-inter-level travel time spent in this place.
 C = Inter-level travel time spent in this place.
 D = Time resting spent in this place.
 E = Time spent auto-exploring this place.
 F = Levels seen in this place.
 G = Mean time per level.
                   A        B        C        D        E       F      G
               +--------+--------+--------+--------+--------+-----+--------+
         Total |   1017 |    915 |    102 |      0 |    694 |   3 |  339.0 |
       Dungeon |   1017 |    915 |    102 |      0 |    694 |   3 |  339.0 |
               +--------+--------+--------+--------+--------+-----+--------+

Top non-repeatable levels by time:
     D:1: 896 daAuts
     D:2: 106 daAuts
     D:3: 13 daAuts
